 Dungeon Crawl Stone Soup version 0.27-a0-909-g0721f309d1 (webtiles) character file.

Game seed: 5977636422370363428

2 DarkShadow the Skirmisher (level 1, -2/19 HPs)
             Began as a Draconian Berserker on Apr 8, 2021.
             Was a Follower of Trog.
             Slain by a kobold
             ... wielding a +0 whip
              (6 damage)
             ... on level 1 of the Dungeon.
             The game lasted 00:00:37 (157 turns).

DarkShadow the Skirmisher (Draconian Berserker)      Turns: 157, Time: 00:00:39

Health: -2/19      AC:  4    Str: 19    XL:     1   Next: 33%
Magic:  1/1        EV: 12    Int:  7    God:    Trog [*.....]
Gold:   9          SH:  0    Dex: 10    Spells: 0/0 levels left

rFire    . . .     SeeInvis .   a - +0 hand axe
rCold    . . .     Faith    .   (no shield)
rNeg     . . .     Spirit   .   (armour unavailable)
rPois    .         Reflect  .   (helmet restricted)
rElec    .         Harm     .   (no cloak)
rCorr    .         Rampage  .   (no gloves)
Will     .....                  (no boots)
Stlth    +.........             (no amulet)
HPRegen  0.06/turn              (no ring)
MPRegen  0.07/turn              (no ring)

@: no status effects
A: AC +4, unfitting armour, cold-blooded
a: Renounce Religion, Berserk


You were on level 1 of the Dungeon.
You worshipped Trog.
Trog was aware of your devotion.
You visited 1 branch of the dungeon, and saw 1 of its levels.

You collected 9 gold pieces.

Inventory:

Hand Weapons
 a - a +0 hand axe (weapon)
Potions
 b - a potion of magic {unknown}


   Skills:
 + Level 3.3 Fighting
 + Level 3.0 Axes
 + Level 2.7 Dodging


You couldn't memorise any spells.
You didn't know any spells.
Your spell library was empty.

Dungeon Overview and Level Annotations

Branches:
Dungeon (1/15)

Altars:


Innate Abilities, Weirdness & Mutations

Your plain brown scales are hard. (AC +4)
You cannot fit into any form of body armour.
You are cold-blooded and may be slowed by cold attacks.


Message History

The goblin hits you with a +0 club. The bat hits you but does no damage.
The jackal bites you but does no damage.
The goblin hits you but does no damage. The bat barely misses you.
A bat comes into view.
The jackal barely misses you. The goblin completely misses you.
The bat hits you but does no damage.
The jackal bites you but does no damage. x2
The goblin misses you. The bat hits you but does no damage.
The bat barely misses you. The jackal misses you.
A jackal comes into view.
The goblin closely misses you. The kobold barely misses you.
A jackal comes into view.
The jackal bites you but does no damage.
The bat hits you but does no damage. The goblin closely misses you.
The kobold closely misses you.
The jackal bites you but does no damage.
The bat misses you. The jackal barely misses you. The goblin misses you.
The kobold barely misses you.
The jackal barks! x2; You hear an angry hiss.
The bat barely misses you. The jackal bites you.
The goblin hits you with a +0 club. The kobold closely misses you.
The bat misses you. The jackal closely misses you.
The jackal barely misses you. The goblin barely misses you.
The kobold closely misses you. The bat closely misses you.
The goblin closely misses you. The kobold barely misses you.
The bat hits you but does no damage. The jackal completely misses you.
The jackal closely misses you. The goblin barely misses you.
The kobold closely misses you. The jackal closely misses you.
The bat closely misses you.
The jackal bites you but does no damage.
The jackal bites you.
* * * LOW HITPOINT WARNING * * *
The jackal barely misses you. The goblin hits you with a +0 club.
* * * LOW HITPOINT WARNING * * *
The jackal closely misses you. The kobold hits you with a +0 whip.
You die...

..........#
.........
#h......
#......#
#......# #..
...b..# #..
#hgK.# #..
#h@h.# #..
##...# #.. #b..#
#.. #..:# #..
#...# +.<
.######...# #..
..........# #..
.#######..#####.
#..
..........>.....
#..


You could see 4 jackals, a goblin, 2 bats and a kobold.

Vanquished Creatures
  A hobgoblin (D:1)
  A goblin (D:1)
  A rat (D:1)
3 creatures vanquished.

Notes
Turn   | Place    | Note
-------+----------+-------------------------------------------
     0 | D:1      | DarkShadow the Draconian Berserker began the quest for the
                  | Orb.
     0 | D:1      | Reached XP level 1. HP: 19/19 MP: 1/1
    23 | D:1      | Found a faded altar of an unknown god.
   157 | D:1      | Slain by a kobold

Illustrated notes

Levels and vault maps discovered:
D:1:      giann_horns, layout_basic, ebering_ecumenical_altar_mist

Action                   || total
-------------------------++-------
Melee: Hand axe          ||     7
       Tailslap          ||     1
Armor: Skin              ||    14
Dodge: Dodged            ||    44

Table legend: (Time is in decaauts)
 A = Elapsed time spent in this place.
 B = Non-inter-level travel time spent in this place.
 C = Inter-level travel time spent in this place.
 D = Time resting spent in this place.
 E = Time spent auto-exploring this place.
 F = Levels seen in this place.
 G = Mean time per level.
                   A        B        C        D        E       F      G
               +--------+--------+--------+--------+--------+-----+--------+
         Total |    158 |    158 |      0 |      0 |     94 |   1 |  158.0 |
       Dungeon |    158 |    158 |      0 |      0 |     94 |   1 |  158.0 |
               +--------+--------+--------+--------+--------+-----+--------+

Top non-repeatable levels by time:
     D:1: 158 daAuts
